[Event "Delancey UK Schools 2019 U14"]
[Site "Daventry"]
[Date "2019.09.24"]
[Round "6.8"]
[White "Saunders, Aron"]
[Black "Kan, Toby"]
[Result "0-1"]
[ECO "B22"]
[WhiteElo "1428"]
[BlackElo "1714"]
[Annotator "NA"]
[PlyCount "88"]
[EventDate "2019.09.24"]
[EventCountry "GBR"]
[SourceTitle "playchess.com"]
[Source "ChessBase"]
[SourceQuality "1"]
[TimeControl "40/5400+30:1800+30"]

1. e4 c5 2. c3 Nf6 3. e5 Nd5 4. d4 cxd4 5. cxd4 d6 6. Nf3 Nc6 7. Bc4 Nb6 8. Bb3 e6 9. O-O Be7 10. Nc3 O-O 11. Qe2 Nd7 12. Nb5 Nb6 13. Bf4 d5 14. Rfd1 a6 15. Nc3 Re8 16. Rac1 Nd7 17. Bg3 Nf8 18. Na4 Na5 19. Nd2 Bd7 20. Nc5 Bb5 21. Qe3 Rc8 22. Na4 Ng6 23. Nc3 Nxb3 24. Nxb3 Bc4 25. Nd2 b5 26. b3 b4 27. bxc4 bxc3 28. Rxc3 Bb4 29. Rcc1 Bxd2 30. Rxd2 dxc4 31. Rdc2 Qa5 32. Qc3 Qd5 33. f3 Red8 34. Rd2 Qb5 35. Rb2 Qd5 36. Rd2 Rd7 37. Qb4 Qb5 38. Qc3 Ne7 39. Rb2 Qd5 40. Bf2 Ng6 41. g3 Ne7 42. Rb4 Rdc7 43. Kf1 Qa5 44. Rc2 Nd5 0-1

[Event "Delancey UK Schools 2019 U14"]
[Site "Daventry"]
[Date "2019.09.24"]
[Round "6.9"]
[White "Headlong, Georgia"]
[Black "Britnell, Jonathan"]
[Result "1/2-1/2"]
[ECO "C49"]
[WhiteElo "1464"]
[BlackElo "1650"]
[Annotator "NA"]
[PlyCount "114"]
[EventDate "2019.09.24"]
[EventCountry "GBR"]
[SourceTitle "playchess.com"]
[Source "ChessBase"]
[SourceQuality "1"]
[TimeControl "40/5400+30:1800+30"]

1. e4 e5 2. Nf3 Nc6 3. Nc3 Nf6 4. Bb5 Bb4 5. O-O d6 6. Re1 O-O 7. d3 Bg4 8. Bxc6 bxc6 9. Bg5 Re8 10. a3 Bc5 11. Na4 Bb6 12. Nxb6 cxb6 13. c3 Re6 14. Qe2 Qd7 15. Rad1 Rae8 16. Qe3 Qc7 17. h3 Bh5 18. Rd2 Bg6 19. Nh4 d5 20. Nxg6 hxg6 21. Bxf6 Rxf6 22. Qg3 Rfe6 23. Rde2 f5 24. exd5 cxd5 25. d4 f4 26. Qg5 Qf7 27. Rxe5 Rxe5 28. Rxe5 Rxe5 29. dxe5 f3 30. Qg4 fxg2 31. Kxg2 Qe7 32. Qc8+ Kh7 33. f4 g5 34. Qf5+ Kg8 35. Qxg5 Qb7 36. Kg3 Qa6 37. Qd8+ Kh7 38. Qh4+ Kg8 39. Kg4 Qe2+ 40. Kg5 Qxb2 41. e6 Qxc3 42. f5 Qf6+ 43. Kg4 Qd4+ 44. Kh5 Qxh4+ 45. Kxh4 b5 46. Kg4 Kf8 47. Kf4 a5 48. Ke3 Ke7 49. h4 Kd6 50. Kd4 b4 51. axb4 axb4 52. Kd3 Ke7 53. h5 Kd6 54. f6 Kxe6 55. fxg7 Kf7 56. h6 Kg8 57. Kc2 d4 1/2-1/2

[Event "Delancey UK Schools 2019 U14"]
[Site "Daventry"]
[Date "2019.09.24"]
[Round "6.11"]
[White "Dicen, Imogen"]
[Black "Saidmurodov, Shahjahon"]
[Result "1-0"]
[ECO "A50"]
[WhiteElo "1509"]
[BlackElo "1782"]
[Annotator "NA"]
[PlyCount "91"]
[EventDate "2019.09.24"]
[EventCountry "GBR"]
[SourceTitle "playchess.com"]
[Source "ChessBase"]
[SourceQuality "1"]
[TimeControl "40/5400+30:1800+30"]

1. d4 b6 2. c4 Bb7 3. Nc3 Nf6 4. Qc2 e6 5. Bg5 d5 6. e3 Bb4 7. Nf3 Nbd7 8. Be2 h6 9. Bxf6 Nxf6 10. Qa4+ Qd7 11. Qxb4 Ne4 12. Nxe4 dxe4 13. Ne5 Qd6 14. c5 Qe7 15. Bb5+ Kf8 16. O-O g5 17. Nd7+ Kg7 18. Ne5 a6 19. Be2 b5 20. f4 f6 21. Ng4 h5 22. Nf2 gxf4 23. exf4 Kh7 24. Qc3 f5 25. c6 Bc8 26. Nh3 h4 27. Ng5+ Kg8 28. b4 a5 29. a3 Rh6 30. Bxb5 Rg6 31. Qd2 Ba6 32. Bxa6 Rxa6 33. b5 Ra8 34. a4 Rd8 35. Rfd1 Qg7 36. Qe3 Rd5 37. Rab1 Qe7 38. b6 cxb6 39. Rxb6 Qd8 40. Rdb1 Rxd4 41. Rb8 Rd1+ 42. Kf2 Kg7 43. R1b7+ Kh8 44. Qc3+ Rd4 45. Qxd4+ Rg7 46. Qxg7# 1-0

[Event "Delancey UK Schools 2019 U14"]
[Site "Daventry"]
[Date "2019.09.24"]
[Round "6.13"]
[White "Korsinskij, Nikolas"]
[Black "Jayanthi, Harshita"]
[Result "1-0"]
[ECO "B01"]
[WhiteElo "1502"]
[BlackElo "1217"]
[Annotator "NA"]
[PlyCount "79"]
[EventDate "2019.09.24"]
[EventCountry "GBR"]
[SourceTitle "playchess.com"]
[Source "ChessBase"]
[SourceQuality "1"]
[TimeControl "40/5400+30:1800+30"]

1. e4 d5 2. exd5 Qxd5 3. Nc3 Qa5 4. d4 Nf6 5. Nf3 Bg4 6. Bd2 Qb6 7. Qe2 Nc6 8. Na4 Qa6 9. Qxa6 bxa6 10. Bxa6 Bxf3 11. gxf3 Nxd4 12. O-O-O Nxf3 13. Bb5+ Nd7 14. Ba5 Nfe5 15. Bxc7 a6 16. Nb6 Ra7 17. Rxd7 f6 18. Bxe5 Rxd7 19. Bxd7+ Kf7 20. Bc7 e5 21. Rd1 Bc5 22. f3 Be3+ 23. Kb1 Kg6 24. Bc8 Re8 25. Rd8 Re7 26. Nd5 Rf7 27. Be6 Rxc7 28. Nxc7 Bb6 29. Rd7 f5 30. Nd5 Bf2 31. Kc1 e4 32. fxe4 fxe4 33. Kd1 Kg5 34. Ke2 Bg1 35. Rxg7+ Kh4 36. Rxg1 a5 37. Ke3 a4 38. Kxe4 h5 39. Nf4 a3 40. Ng6# 1-0